 Dungeon Crawl Stone Soup version 0.23-a0-242-g2b5ca64 (webtiles) character file.

280 Hedgeycorn the Chopper (level 6, 0/51 HPs)
             Began as a Minotaur Fighter on Sept 29, 2018.
             Succumbed to Ijyb's poison
             ... on level 3 of the Dungeon.
             The game lasted 00:35:46 (2759 turns).

Hedgeycorn the Chopper (Minotaur Fighter)           Turns: 2759, Time: 00:35:46

Health: 0/51       AC: 11    Str: 26    XL:     6   Next: 5%
Magic:  5/5        EV:  4    Int:  5    God:
Gold:   191        SH: 10    Dex: 11    Spells: 5/5 levels left

rFire    . . .     SeeInvis .   a - +0 war axe
rCold    . . .     Gourm    .   c - +0 shield
rNeg     . . .     Faith    +   e - +0 plate armour
rPois    .         Spirit   .   (helmet restricted)
rElec    .         Reflect  .   (no cloak)
rCorr    .         Harm     .   (no gloves)
MR       .....                  (no boots)
Stlth    ..........             n - amulet of faith
HPRegen  0.17/turn              (no ring)
MPRegen  0.09/turn              (no ring)

@: mighty, lethally poisoned (0 -> -12)
A: retaliatory headbutt, horns 2
a: no special abilities


You were on level 3 of the Dungeon.
You were hungry.

You visited 1 branch of the dungeon, and saw 3 of its levels.
You also visited: Sewer.

You collected 191 gold pieces.

Inventory:

Hand Weapons
 a - a +0 war axe (weapon)
 p - a +0 blowgun
Missiles
 g - 46 bolts
 j - 24 stones
 q - 13 poisoned needles (quivered)
Armour
 b - a +0 scale mail
 c - a +0 shield (worn)
 e - a +0 plate armour (worn)
Jewellery
 n - an amulet of faith (around neck)
Scrolls
 h - 3 scrolls of identify {unknown}
 i - 4 scrolls of immolation {unknown}
 k - 2 scrolls of fear {unknown}
 l - 2 scrolls of random uselessness {unknown}
 m - 2 scrolls of blinking {unknown}
Comestibles
 f - 5 rations


   Skills:
 - Level 3.6 Fighting
 + Level 7.7 Axes
 - Level 3.6 Armour
 - Level 3.6 Shields


You had 5 spell levels left.
You didn't know any spells.
Your spell library was empty.

Dungeon Overview and Level Annotations

Branches:
Dungeon (3/15)

Altars:
Elyvilon
Fedhas
Wu Jian


Innate Abilities, Weirdness & Mutations

You reflexively headbutt those who attack you in melee.
You have a pair of horns on your head.


Message History

There is a lethal amount of poison in your body!
There is a lethal amount of poison in your body!
There is a lethal amount of poison in your body!
There is a lethal amount of poison in your body!
There is a lethal amount of poison in your body!
There is a lethal amount of poison in your body!
There is a lethal amount of poison in your body!
There is a lethal amount of poison in your body!
There is a lethal amount of poison in your body!
There is a lethal amount of poison in your body!
There is a lethal amount of poison in your body!
There is a lethal amount of poison in your body!
There is a lethal amount of poison in your body!
There is a lethal amount of poison in your body!
There is a lethal amount of poison in your body!
There is a lethal amount of poison in your body!
There is a lethal amount of poison in your body!
There is a lethal amount of poison in your body!
There is a lethal amount of poison in your body!
You die... ........# ... ........# ### #.# ......).###.# #.# ######.†.##.# ##.## # ###....## #...# PPPg.# ###...## #.P.# # PPPP.#

##...####..)# ..#
P_P....
#.#...###.##.....
.PPP.#.
#.###.@.)...#
PPP..# #.#
#######...#
###### #.# #.....
# #.# ..... #.#
.... #.. ... ...
... #.#


There were no monsters in sight!

Vanquished Creatures
  A bullfrog (Sewer)
  Ijyb (D:3)
  9 adders
  An ooze (D:2)
  A worm (D:3)
  3 dart slugs
  7 leopard geckos
  An orc (D:3)
  5 ball pythons
  11 bats
  8 giant cockroaches
  11 goblins
  9 hobgoblins
  2 quokkas
  8 frilled lizards
  5 kobolds
  6 rats
89 creatures vanquished.

Vanquished Creatures (others)
  2 fungi (D:3)
2 creatures vanquished.

Grand Total: 91 creatures vanquished

Notes
Turn   | Place    | Note
-------+----------+-------------------------------------------
     0 | D:1      | Hedgeycorn the Minotaur Fighter began the quest for the
                  | Orb.
     0 | D:1      | Reached XP level 1. HP: 19/19 MP: 0/0
   261 | D:1      | Reached skill level 3 in Axes
   310 | D:1      | Reached XP level 2. HP: 26/26 MP: 1/1
   413 | D:1      | Reached skill level 4 in Axes
   574 | D:1      | Reached XP level 3. HP: 30/31 MP: 2/2
  1167 | D:2      | Reached skill level 5 in Axes
  1691 | D:2      | Found an ornate altar of the Wu Jian Council.
  1697 | D:2      | Reached XP level 4. HP: 38/39 MP: 3/3
  2122 | D:3      | Found a glowing drain.
  2150 | Sewer    | Entered a sewer
  2162 | Sewer    | Reached skill level 6 in Axes
  2380 | Sewer    | Reached XP level 5. HP: 43/45 MP: 4/4
  2469 | Sewer    | Reached skill level 7 in Axes
  2684 | D:3      | Found a blossoming altar of Fedhas.
  2685 | D:3      | Noticed Ijyb
  2730 | D:3      | Found a white marble altar of Elyvilon.
  2755 | D:3      | Killed Ijyb
  2755 | D:3      | Reached XP level 6. HP: 8/51 MP: 5/5
  2757 | D:3      | HP: 2/51 [poisoned by Ijyb]
  2759 | D:3      | Succumbed to Ijyb's poison

Vault maps used:
D:1:      saegor_arrival_simple_b
D:2:      old_standard_altar, grunt_ministairs_13, minmay_misc_feat_alley
D:3:      elyvilon_altar_1, gammafunk_temple_overflow_wave, first_ration,
          portal_sewer_entry_f, small_statue_intersection, fedhas_altar_3,
          uniq_ijyb
Sewer:    sewer_frog_island_01

Skill      XL: |  1  2  3  4  5 |
---------------+----------------+-----
Axes           | 3 4 5 6 7 |  7.7
Fighting       | |  3.6
Armour         | |  3.6
Shields        | |  3.6

Action                   |  1- 3 |  4- 6 || total
-------------------------+-------+-------++-------
Melee: War axe           |   125 |   126 ||   251
       Headbutt          |     8 |    18 ||    26
       Unarmed           |       |     8 ||     8
 Fire: Blowgun           |       |     2 ||     2
  Use: Potion            |     1 |     1 ||     2
  Eat: Chunk             |     2 |     4 ||     6
Armor: Plate armour      |   104 |    79 ||   183
Dodge: Dodged            |    27 |    13 ||    40
Block: Shield            |    65 |    65 ||   130

Table legend:
 A = Non-vault XP
 B = Vault XP
 C = Vault XP percentage of total XP
 D = Non-vault monster count
 E = Vault monster count
 F = Vault count percentage of total count
                 A         B        C        D         E       F
            +---------+---------+-------+---------+---------+-------
      Total |     192 |     209 |  52.1 |      65 |      24 |  27.0
            +---------+---------+-------+---------+---------+-------
        D:1 |      42 |       0 |   0.0 |      24 |       0 |   0.0
        D:2 |      94 |       1 |   1.1 |      24 |       1 |   4.0
        D:3 |      56 |      48 |  46.2 |      17 |       5 |  22.7
      Sewer |       0 |     160 | 100.0 |       0 |      18 | 100.0
            +---------+---------+-------+---------+---------+-------
